 Dungeon Crawl Stone Soup version 0.31-a0-1570-g93c622d222 (webtiles) character file.

Game seed: 9512590810092689500

11414 Xavori the Nimble (level 12, -6/86 HPs)
             Began as a Djinni Chaos Knight on Jan 3, 2024.
             Was a Plaything of Xom.
             Mangled by a naga simulacrum (19 damage)
             ... in an ice cave.
             The game lasted 00:14:24 (12941 turns).

Xavori the Nimble (Djinni Chaos Knight)            Turns: 12941, Time: 00:14:26

Health: -6/86      AC:  9    Str: 16    XL:     12   Next: 7%
Gold:   303        EV: 19    Int: 11    God:    Xom [..*...] SH: 13 Dex: 31

rFire   + + .        w - +1 falchion (elec)
rCold   x . .        v - +0 kite shield
rNeg    + + .        b - +2 leather armour
rPois   ∞            (helmet restricted)
rElec   .            (no cloak)
rCorr   .            j - +0 pair of gloves
SInv    .            (boots unavailable)
Will    +....        (no amulet)
Stlth   ++           h - ring of Xigiph {rN++ Str+6 Int-2 Dex+3}
HPRegen 1.14/turn    n - +6 ring of dexterity
MPRegen 0.00/turn

%: infuse magic (-7 HP)
@: flying, very slightly contaminated
A: sickness immunity, fire resistance 2, cold vulnerability 1, float, innate
caster, HP casting, extra vitality 1, horns 2, iridescent scales 1, agile 1,
regeneration 1, screaming 1
a: Renounce Religion


You were in an ice cave.
You worshipped Xom.
You were a toy of Xom.
You visited 1 branch of the dungeon, and saw 11 of its levels.
You also visited: Ice Cave.

You collected 567 gold pieces.
You spent 264 gold pieces at shops.

Inventory:

Hand Weapons
 w - a +1 falchion of electrocution (weapon)
Missiles
 p - 3 throwing nets
Armour
 b - a +2 leather armour (worn)
 j - a +0 pair of gloves (worn)
 s - a +0 helmet
 v - a +0 kite shield (worn)
 D - +0 steam dragon scales
Jewellery
 g - a ring of wizardry
 h - the ring of Xigiph (left hand) {rN++ Str+6 Int-2 Dex+3}
   (You acquired it on level 7 of the Dungeon)

   [ring of strength]

   Str+6:     It affects your strength (+6).
   Int-2:     It affects your intelligence (-2).
   Dex+3:     It affects your dexterity (+3).
   rN++:      It greatly protects you from negative energy.
 n - a +6 ring of dexterity (right hand)
 t - a ring of protection from fire
 y - a ring of positive energy
 z - a ring of wizardry
 B - a ring of willpower
 E - a ring of ice
Wands
 l - a wand of polymorph (4)
 q - a wand of roots (20)
 A - a wand of mindburst (17)
 J - a wand of digging (4)
 K - a wand of charming (9)
Scrolls
 a - 4 scrolls of teleportation
 c - a scroll of butterflies
 f - 2 scrolls of blinking
 i - 3 scrolls of poison
 m - a scroll of revelation
 u - 4 scrolls of enchant weapon
 x - 6 scrolls of fog
 C - 2 scrolls of enchant armour
 F - a scroll of silence {unknown}
 I - a scroll of immolation
Potions
 d - 4 potions of curing
 e - 5 potions of lignification
 k - 3 potions of degeneration {unknown}
 o - 3 potions of enlightenment
 r - 2 potions of brilliance {unknown}
 G - a potion of heal wounds {unknown}
 H - a potion of haste {unknown}
 L - a potion of mutation {unknown}
 M - a potion of invisibility {unknown}


   Skills:
 + Level 7.6 Fighting
 + Level 7.0 Long Blades
 + Level 7.0 Armour
 + Level 8.0 Dodging
 + Level 6.0 Shields
 * Level 7.2 Spellcasting
 * Level 7.2 Conjurations
 * Level 7.2 Hexes
   Level 0.0 Charms
 * Level 7.2 Summonings
 * Level 7.2 Necromancy
 * Level 7.2 Translocations
   Level 0.0 Transmutations
 * Level 7.2 Fire Magic
 * Level 7.2 Ice Magic
 * Level 7.2 Air Magic
 * Level 7.2 Earth Magic
 * Level 7.2 Alchemy
 + Level 3.7 Evocations


You knew the following spells:

 Your Spells              Type           Power      Damage    Failure   Level
a - Foxfire               Conj/Fire      80%        2x1d8     2%          1
b - Searing Ray           Conj           40%        2d5       4%          2
c - Vampiric Draining     Necr           20%        2d7       8%          3
d - Dispel Undead         Necr           20%        3d11      26%         4
e - Manifold Assault      Tloc           20%        N/A       26%         4
Your spell library was empty.

Dungeon Overview and Level Annotations

Branches:
Dungeon (11/15)            Temple (0/1) D:5            Lair (0/5) D:8
  IceCv (1/1)
    Orc: D:9-12

Altars:
Dithmenos
Elyvilon
Makhleb
Nemelex Xobeh
Okawaru
Trog
Wu Jian
Xom
Yredelemnul
The Shining One

Shops:
D:3 (   D:4 *:(   D:6 *   D:11 (

Portals:
Trove: D:10 (give 13 potions of heal wounds)

Annotations:
D:3 1 runed translucent door
D:8 1 runed translucent door, Phlounder's ghost, novice DjNe


Innate Abilities, Weirdness & Mutations

You are immune to sickness and miasma.
You are immune to poison.
Your flesh is very heat resistant. (rF++)
You are vulnerable to cold. (rC-)
You float through the air rather than walking.
You learn spells naturally, not from books.
Your magical power is your life essence.
You have superior vitality. (+4 MHP)
You have a pair of horns on your head.
You are partially covered in iridescent scales. (AC +2)
You are agile. (Dex +4, Str/Int -1)
Your natural rate of healing is unusually fast.
You occasionally shout uncontrollably at your foes.


Message History

You slash the cane toad simulacrum!
The cane toad simulacrum vaporises!
Casting: Manifold Assault (dangerous; 26% risk of failure)
Confirm with . or Enter, or press ? or * to list all spells.
Space momentarily warps into an impossible shape!
You hit the ice devil. You slash the naga simulacrum!
You hit the ice devil but do no damage. You headbutt the ice devil.
The ice devil is heavily wounded.
You block the ice devil's attack.
You hit the ice devil.
You headbutt the ice devil, but do no damage.
The ice devil is heavily wounded.
The ice devil barely misses you.
You hit the ice devil.
The ice devil is heavily wounded.
The ice devil completely misses you.
You closely miss the ice devil.
The ice devil is heavily wounded.
The ice devil misses you.
You hit the ice devil.
Lightning courses through the ice devil!
The ice devil is almost dead.
The ice devil hits you. The ice devil freezes you!!
You feel a terrible chill!
You hit the ice devil but do no damage. You headbutt the ice devil.
You kill the ice devil!
The naga simulacrum misses you. You block the naga simulacrum's attack.
You barely miss the naga simulacrum.
The naga simulacrum is severely damaged.
The naga simulacrum hits you! The naga simulacrum freezes you!
You feel a terrible chill!
Xom thinks this is hilarious!
* * * LOW HITPOINT WARNING * * *
The naga simulacrum misses you.
You hit the naga simulacrum.
The naga simulacrum is almost destroyed.
The naga simulacrum hits you!
* * * LOW HITPOINT WARNING * * *
The naga simulacrum freezes you!!
You feel a terrible chill!
Xom roars with laughter!
You die...

#...#
##...
#...#
...##
#...#
##...##
##.....##
#.Z.∩...#
#@..∩...#
##.....##
##...##
#####


You could see a naga simulacrum.

Vanquished Creatures
  Erolcha (D:9)
  2 two-headed ogres
  Pikel (D:9)
  The ghost of Radiant the Sneak, a novice GrFE (D:6)
  Jeremiah (D:9)
  Psyche (D:8)
  2 rime drakes (D:11)
  An ice devil (IceCv)
  A hornet (D:10)
  Sigmund (D:2)
  A wraith (D:10)
  Grum (D:8)
  6 steam dragons
  2 water moccasins
  An acid dragon (D:10)
  4 orc warriors
  The ghost of Azoth the Shooter, an amateur SpHu (D:3)
  An ice beast (D:5)
  3 black bears (D:7)
  4 ogres
  2 wolves (D:8)
  A lemure (D:9)
  2 phantoms
  5 bullfrogs
  A cane toad simulacrum (IceCv)
  2 scorpions
  5 wights (D:8)
  20 killer bees
  3 howler monkeys
  5 electric eels (D:10)
  3 bombardier beetles
  3 hounds
  2 jellies
  7 orc priests
  2 sleepcaps
  Ijyb (D:3)
  4 iguanas
  6 orc wizards
  A troll simulacrum (IceCv)
  Robin (D:4)
  7 gnolls
  5 adders
  2 shadow imps (D:6)
  5 white imps
  3 ufetubi
  A ribbon worm (D:3)
  5 dart slugs
  24 orcs
  6 endoplasms
  3 giant cockroaches
  13 goblins
  4 hobgoblins
  9 jackals
  3 quokkas
  8 ball pythons
  6 bats
  A frilled lizard (D:1)
  5 kobolds
  9 rats
231 creatures vanquished.

Vanquished Creatures (collateral kills)
  A manticore (D:9)
  A kobold demonologist (D:6)
  2 ogres (D:6)
  A phantom (D:6)
  8 kobold brigands (D:6)
13 creatures vanquished.

Vanquished Creatures (others)
  A bullfrog (D:8)
  A killer bee (D:8)
  An ufetubus (D:7)
  An orc (D:8)
  2 goblins (D:4)
6 creatures vanquished.

Grand Total: 250 creatures vanquished

Notes
Turn   | Place    | Note
-------+----------+-------------------------------------------
     0 | D:1      | Xavori the Djinni Chaos Knight began the quest for the Orb.
     0 | D:1      | Reached XP level 1. HP: 20/20 MP: 0/0
    16 | D:1      | XOM: silly message
    61 | D:1      | XOM: god gift: chain mail {god gift}
   120 | D:1      | Reached XP level 2. HP: 14/25 MP: 0/0
   333 | D:1      | XOM: 3-stop teleportation journey
   348 | D:1      | Reached XP level 3. HP: 30/30 MP: 0/0
   348 | D:1      | Learned a level 1 spell: Foxfire
   369 | D:1      | Reached skill level 1 in Spellcasting
   369 | D:1      | Reached skill level 1 in Conjurations
   369 | D:1      | Reached skill level 1 in Hexes
   369 | D:1      | Reached skill level 1 in Summonings
   369 | D:1      | Reached skill level 1 in Necromancy
   369 | D:1      | Reached skill level 1 in Translocations
   369 | D:1      | Reached skill level 1 in Fire Magic
   369 | D:1      | Reached skill level 1 in Ice Magic
   369 | D:1      | Reached skill level 1 in Air Magic
   369 | D:1      | Reached skill level 1 in Earth Magic
   369 | D:1      | Reached skill level 1 in Alchemy
   419 | D:1      | XOM: god gift: +0 great sword of holy wrath
   426 | D:1      | XOM: swap monsters
   854 | D:1      | XOM: scenery: summon butterflies
   880 | D:1      | XOM: scenery: create altars
   925 | D:1      | XOM: god gift: fuming red potion {god gift}
  2472 | D:1      | XOM: 2-stop teleportation journey
  2584 | D:1      | XOM: scenery: create altars
  2879 | D:1      | XOM: give mutations
  2879 | D:1      | Gained mutation: You have hidden genetic potential. [Xom's
                  | grace]
  2879 | D:1      | Gained mutation: You are agile. (Dex +4, Str/Int -1) [Xom's
                  | grace]
  2879 | D:1      | Gained mutation: You have a pair of small horns on your
                  | head. [Xom's grace]
  2879 | D:1      | Gained mutation: You have a pair of horns on your head.
                  | [Xom's grace]
  3348 | D:1      | XOM: cloud trail
  3496 | D:1      | XOM: noise
  3586 | D:1      | XOM: silly message
  3688 | D:1      | XOM: noise
  3851 | D:1      | XOM: silly message
  4133 | D:1      | XOM: summons 2 hostile demons
  4148 | D:2      | XOM: give mutation
  4148 | D:2      | Lost mutation: You are agile. (Dex +4, Str/Int -1) [Xom's
                  | mischief]
  4626 | D:1      | XOM: give mutation
  4626 | D:1      | Gained mutation: You occasionally shout uncontrollably at
                  | your foes. [Xom's mischief]
  5187 | D:1      | XOM: draining
  5198 | D:1      | XOM: give mutation
  5198 | D:1      | Gained mutation: Your natural rate of healing is unusually
                  | fast. [Xom's grace]
  5452 | D:2      | Noticed Sigmund
  5454 | D:2      | XOM: confuse monster(s)
  5460 | D:2      | Killed Sigmund
  5461 | D:2      | Reached skill level 3 in Dodging
  5461 | D:2      | Reached XP level 4. HP: 25/37 MP: 0/0
  5461 | D:2      | Reached XP level 5. HP: 27/41 MP: 0/0
  5461 | D:2      | Learned a level 2 spell: Searing Ray
  5461 | D:2      | Reached XP level 6. HP: 31/47 MP: 0/0
  5462 | D:2      | Gained mutation: You are agile. (Dex +4, Str/Int -1)
                  | [hidden potential]
  5954 | D:3      | Found a runed translucent door.
  6006 | D:3      | Noticed Ijyb
  6017 | D:3      | Killed Ijyb
  6074 | D:3      | Found a glowing golden altar of the Shining One.
  6177 | D:3      | Noticed Azoth's ghost (amateur SpHu)
  6186 | D:3      | XOM: divination: detect creatures
  6187 | D:3      | XOM: noise
  6194 | D:3      | Killed Azoth's ghost
  6195 | D:3      | Reached XP level 7. HP: 51/52 MP: 0/0
  6195 | D:3      | Learned a level 3 spell: Vampiric Draining
  6196 | D:3      | Gained mutation: You are partially covered in iridescent
                  | scales. (AC +2) [hidden potential]
  6196 | D:3      | Lost mutation: You have hidden genetic potential. [hidden
                  | potential expressed]
  6231 | D:3      | Found a runed translucent door.
  6267 | D:3      | Found Banlosm's Antique Weapon Boutique.
  6381 | D:4      | Noticed Robin
  6384 | D:4      | XOM: potion effect (invisibility)
  6396 | D:4      | Killed Robin
  6427 | D:4      | Found Gihyulyck's General Store.
  6595 | D:4      | Reached skill level 4 in Dodging
  7055 | D:4      | Reached XP level 8. HP: 50/58 MP: 0/0
  7095 | D:4      | Found Tunid's Book Shop.
  7166 | D:4      | Found a sparkling altar of Nemelex Xobeh.
  7285 | D:4      | Found Mifeath's Weapon Emporium.
  7295 | D:4      | Bought a +1 falchion of electrocution for 159 gold pieces
  7393 | D:5      | Entered Level 5 of the Dungeon
  7411 | D:5      | XOM: scenery: summon butterflies
  7419 | D:5      | XOM: cloud trail
  7423 | D:5      | Identified the +16 plate armour of Kihask {+Inv rElec
                  | Stlth-}
  7501 | D:5      | Reached skill level 1 in Shields
  7574 | D:5      | XOM: divination: magic mapping
  7688 | D:5      | XOM: scenery: summon butterflies
  7823 | D:5      | Found a staircase to the Ecumenical Temple.
  8202 | D:6      | Found a basalt altar of Yredelemnul.
  8204 | D:6      | Found a shimmering altar of Xom.
  8345 | D:6      | Reached skill level 5 in Fighting
  8387 | D:6      | XOM: butterfly on damage
  8390 | D:6      | Reached XP level 9. HP: 31/65 MP: 0/0
  8390 | D:6      | Learned a level 4 spell: Dispel Undead
  8442 | D:6      | XOM: 2-stop teleportation journey
  8593 | D:6      | Reached skill level 5 in Dodging
  8682 | D:6      | Found a runed translucent gate.
  8683 | D:6      | Found a runed translucent gate.
  8684 | D:6      | Found a runed translucent gate.
  8686 | D:6      | Noticed a kobold demonologist
  8686 | D:6      | Noticed Radiant's ghost (novice GrFE)
  8709 | D:6      | Killed a kobold demonologist
  8711 | D:6      | Reached skill level 5 in Long Blades
  8716 | D:6      | Killed Radiant's ghost
  8717 | D:6      | Reached skill level 5 in Armour
  8717 | D:6      | Reached skill level 5 in Spellcasting
  8717 | D:6      | Reached skill level 5 in Conjurations
  8717 | D:6      | Reached skill level 5 in Hexes
  8717 | D:6      | Reached skill level 5 in Summonings
  8717 | D:6      | Reached skill level 5 in Necromancy
  8717 | D:6      | Reached skill level 5 in Translocations
  8717 | D:6      | Reached skill level 5 in Fire Magic
  8717 | D:6      | Reached skill level 5 in Ice Magic
  8717 | D:6      | Reached skill level 5 in Air Magic
  8717 | D:6      | Reached skill level 5 in Earth Magic
  8717 | D:6      | Reached skill level 5 in Alchemy
  8722 | D:6      | Reached skill level 6 in Dodging
  8722 | D:6      | Reached XP level 10. HP: 72/72 MP: 0/0
  8752 | D:6      | Found an iron altar of Okawaru.
  8753 | D:6      | XOM: smoke on damage
  8788 | D:6      | XOM: noise
  8818 | D:6      | Found Xyif's Assorted Antiques.
  8822 | D:6      | Bought a brightly glowing lapis lazuli ring for 105 gold
                  | pieces
  8822 | D:6      | Identified the ring "Uweroe" {^Drain Will+ MP+9 Stlth+}
                  | (You bought it in a shop on level 6 of the Dungeon)
  8899 | D:6      | XOM: noise
  9109 | D:6      | Found a shadowy altar of Dithmenos.
  9324 | D:7      | XOM: confusion (+ monsters)
  9333 | D:7      | XOM: summons 6 hostile demons
  9334 | D:7      | Noticed an orange demon
  9336 | D:7      | XOM: potion effect (might)
  9512 | D:7      | XOM: silly message
  9527 | D:7      | XOM: silly message
  9549 | D:7      | XOM: silly message
  9788 | D:7      | Identified a scroll of acquirement
  9788 | D:7      | Acquired the ring of Xigiph {rN++ Str+6 Int-2 Dex+3}
  9933 | D:8      | Noticed Psyche
  9937 | D:8      | XOM: potion effect (might)
  9939 | D:8      | Killed Psyche
  9974 | D:8      | Found an ornate altar of the Wu Jian Council.
 10056 | D:8      | XOM: silly message
 10084 | D:8      | Identified the +1 quarterstaff of Objectivity {drain, rF++
                  | rC+ rCorr Int-4}
 10109 | D:8      | Reached skill level 1 in Evocations
 10219 | D:8      | Found a runed translucent door.
 10219 | D:8      | Found a shimmering altar of Xom.
 10219 | D:8      | Noticed Phlounder's ghost (novice DjNe)
 10219 | D:8      | Noticed a +1 short sword of chaos
 10250 | D:8      | Found a staircase to the Lair.
 10255 | D:8      | Noticed a two-headed ogre
 10263 | D:8      | XOM: cast spell 'Olgreb's Toxic Radiance'
 10270 | D:8      | Killed a two-headed ogre
 10271 | D:8      | Reached skill level 7 in Dodging
 10271 | D:8      | Reached XP level 11. HP: 78/78 MP: 0/0
 10271 | D:8      | Learned a level 4 spell: Manifold Assault
 10294 | D:8      | Found a white marble altar of Elyvilon.
 10383 | D:8      | XOM: divination: detect items
 10405 | D:8      | Reached skill level 5 in Shields
 10405 | D:8      | Noticed Grum
 10411 | D:8      | XOM: divination: magic mapping
 10421 | D:8      | Killed Grum
 10859 | D:9      | XOM: silly message
 11096 | D:9      | Noticed Pikel
 11114 | D:9      | Killed Pikel
 11261 | D:9      | Noticed Jeremiah
 11262 | D:9      | XOM: noise
 11278 | D:9      | XOM: summons friendly white imp
 11287 | D:9      | Killed Jeremiah
 11423 | D:9      | Noticed a manticore
 11431 | D:9      | Killed a manticore
 11705 | D:9      | Noticed Erolcha
 11712 | D:9      | Killed Erolcha
 11745 | D:9      | Found a bloodstained altar of Trog.
 11766 | D:9      | XOM: noise
 11808 | D:10     | Entered Level 10 of the Dungeon
 11881 | D:10     | Found a portal to a secret trove of treasure.
 11925 | D:10     | XOM: noise
 11927 | D:10     | XOM: confuse monster(s)
 11985 | D:10     | Noticed a two-headed ogre
 12073 | D:10     | XOM: confuse monster(s)
 12073 | D:10     | Killed a two-headed ogre
 12095 | D:10     | XOM: god gift: 24 gold pieces
 12211 | D:10     | Found a burning altar of Makhleb.
 12390 | D:10     | XOM: divination: magic mapping
 12684 | D:11     | Found Ucumeil's Weapon Boutique.
 12720 | D:11     | Noticed a manticore
 12840 | D:11     | Found a frozen archway.
 12852 | D:11     | Reached XP level 12. HP: 28/85 MP: 0/0
 12909 | IceCv    | Entered an ice cave
 12914 | IceCv    | Reached skill level 8 in Dodging
 12941 | IceCv    | Mangled by a naga simulacrum

Illustrated notes

Levels and vault maps discovered:
D:1:      nicolae_arrival_somewhat_less_tricky_arrival, layout_basic
D:2:      layout_loops_cross, basic_altar, uniq_sigmund
D:3:      layout_rooms, mainiacjoe_overflow_paths, ebering_ghost_sewer_f,
          serial_shops, shop, uniq_ijyb
D:4:      layout_layer_cave, kennysheep_mini_moat, serial_forest,
          infiniplex_forest_straight_5, infiniplex_forest_straight_4,
          infiniplex_forest_clump_diagonal, infiniplex_forest_join,
          infiniplex_forest_zigzag_1, infiniplex_forest_lined_4_way,
          serial_shops, nicolae_shop_just_a_little_nook, shop,
          nicolae_lakefront_shop, uniq_robin
D:5:      layout_loops_cross, chequers_serial_rivers_small_b
D:6:      layout_loops_corners, nicolae_dithmenos_the_darkroom,
          lemuel_crystal_altar, mainiacjoe_overflow_catwalk_spiral,
          serial_shops, shop, gammafunk_ghost_nasty_kobolds, grunt_ministairs_8
D:7:      layout_cave_pools
D:8:      layout_cave_pods, mainiacjoe_overflow_tiny_flanked,
          nicolae_wu_jian_immortal_techniques, dpeg_oklobed_lair,
          ebering_ghost_xom, uniq_grum, uniq_psyche
D:9:      layout_loops_corners, trog_book, mainiacjoe_overflow_large_starburst,
          uniq_erolcha, uniq_pikel, uniq_jeremiah
D:10:     layout_gridville, mainiacjoe_overflow_brackets, enter_trove_2,
          serial_bayou, serial_bayou_pond_c, serial_bayou_lake_a,
          serial_bayou_shore_a, serial_bayou_lagoon_b, serial_bayou_pond_c,
          kennysheep_small_circle
D:11:     layout_rooms, serial_shops, nicolae_shop_hallway_plus,
          portal_ice_cave_rime, minmay_lindwurm_lava, uniq_harold
IceCv:    ice_cave_tombish

Skill      XL: |  1  2  3  4  5  6  7  8  9 10 11 12 |
---------------+-------------------------------------+-----
Spellcasting   | 2 3 4 5 6 7 |  7.2
Conjurations   | 2 3 4 5 6 7 |  7.2
Hexes          | 2 3 4 5 6 7 |  7.2
Summonings     | 2 3 4 5 6 7 |  7.2
Necromancy     | 2 3 4 5 6 7 |  7.2
Translocations | 2 3 4 5 6 7 |  7.2
Fire Magic     | 2 3 4 5 6 7 |  7.2
Ice Magic      | 2 3 4 5 6 7 |  7.2
Air Magic      | 2 3 4 5 6 7 |  7.2
Earth Magic    | 2 3 4 5 6 7 |  7.2
Alchemy        | 2 3 4 5 6 7 |  7.2
Long Blades    | 3 4 5 6 7 |  7.0
Armour         | 2 3 4 5 6 7 |  7.0
Dodging        | 3 4 6 7 8 |  8.0
Fighting       | 4 5 6 7 |  7.6
Shields        | 2 3 4 5 6 |  6.0
Evocations     | 1 3 |  3.7

Action                     |  1- 3 |  4- 6 |  7- 9 | 10-12 || total
---------------------------+-------+-------+-------+-------++-------
  Melee: Falchion          |   107 |    82 |   167 |   394 ||   750
         Punch             |     1 |     1 |       |       ||     2
         Headbutt          |     4 |    13 |    41 |   104 ||   162
   Cast: Searing Ray       |       |       |       |     4 ||     4
         Manifold Assault  |       |       |       |     7 ||     7
  Evoke: Wand              |       |     2 |       |    11 ||    13
    Use: Potion            |     1 |       |       |     3 ||     4
         Scroll            |       |       |     7 |     6 ||    13
   Stab: Confused          |     2 |     1 |       |       ||     3
         Sleeping          |       |     2 |     2 |     2 ||     6
         Invisible         |       |       |     4 |       ||     4
         Distracted        |       |       |       |     1 ||     1
 Armour: Leather armour    |    67 |    41 |    91 |   262 ||   461
         Skin              |       |       |       |    13 ||    13
  Dodge: Dodged            |    72 |    57 |   137 |   354 ||   620
  Block: Kite shield       |       |       |    41 |   363 ||   404

Table legend: (Time is in decaauts)
 A = Elapsed time spent in this place.
 B = Non-inter-level travel time spent in this place.
 C = Inter-level travel time spent in this place.
 D = Time resting spent in this place.
 E = Time spent auto-exploring this place.
 F = Levels seen in this place.
 G = Mean time per level.
                   A        B        C        D        E       F      G
               +--------+--------+--------+--------+--------+-----+--------+
         Total |  13068 |  12821 |    247 |   4792 |   6127 |  12 | 1089.0 |
       Dungeon |  13035 |  12788 |    247 |   4792 |   6120 |  11 | 1185.0 |
      Ice Cave |     33 |     33 |      0 |      0 |      7 |   1 |   33.0 |
               +--------+--------+--------+--------+--------+-----+--------+

Top non-repeatable levels by time:
     D:1: 5268 daAuts
     D:6: 1162 daAuts
     D:9: 1037 daAuts
     D:4: 1018 daAuts
     D:8: 907 daAuts
    D:10: 871 daAuts
     D:5: 762 daAuts
     D:2: 676 daAuts
     D:7: 622 daAuts
     D:3: 464 daAuts
    D:11: 243 daAuts
   IceCv: 33 daAuts
